 Dungeon Crawl Stone Soup version 0.30.0-19-g36f170ea60 (webtiles) character file.

Game seed: 1652287951555716570

19153 hawla the Thaumaturge (level 13, -3/96 HPs)
             Began as a Meteoran Air Elementalist on May 25, 2023.
             Succumbed to a black mamba's poison
             ... on level 1 of the Snake Pit on May 29, 2023.
             The game lasted 00:58:43 (6362 turns).

hawla the Thaumaturge (Meteoran Air Elementalist)   Turns: 6362, Time: 00:58:44

Health: -3/96      AC: 10    Str: 10    XL:     13   Next: 30%
Magic:  9/32       EV: 16    Int: 23    God:
Gold:   1857       SH:  0    Dex: 17    Spells: 25/41 levels left

rFire   . . .        x - +2 quarterstaff (chaos)
rCold   . . .        (shield currently unavailable)
rNeg    . . .        a - +2 robe
rPois   .            l - +2 helmet {Int+3}
rElec   .            y - +2 cloak {rCorr}
rCorr   +            (no gloves)
SInv    .            (no boots)
Will    +....        w - amulet of magic regeneration
Stlth   +            p - ring of flight
HPRegen 0.36/turn    (no ring)
MPRegen 0.63/turn

%: no passive effects
@: lethally poisoned (-3 -> -23), about to teleport, marked, flying, very
slightly contaminated, glowing
A: sense surroundings 2, otherworldly, glowing, explore regen
a: no special abilities


You were on level 1 of the Snake Pit.
You visited 4 branches of the dungeon, and saw 16 of its levels.

You collected 1857 gold pieces.

Inventory:

Hand Weapons
 s - a +1 spectral quarterstaff
 x - a +2 quarterstaff of chaos (weapon)
Missiles
 d - 3 datura-tipped darts
 e - 2 throwing nets
 i - 13 poisoned darts
 t - 4 atropa-tipped darts
Armour
 a - a +2 robe (worn)
 c - a +1 hat of intelligence
 l - a +2 helmet of intelligence (worn)
 y - a +2 cloak of preservation (worn)
 C - an orb of mayhem
Magical Staves
 j - a staff of air
Jewellery
 p - a ring of flight (left hand)
 w - an amulet of magic regeneration (around neck)
Wands
 b - a wand of flame (15)
 g - a wand of paralysis (6)
 m - a wand of mindburst (18)
 o - a wand of polymorph (4)
 u - a wand of quicksilver (31) (quivered)
 v - a wand of iceblast (14)
Scrolls
 n - a scroll of silence
 q - 2 scrolls of magic mapping
 z - 3 scrolls of fog
 B - 2 scrolls of identify
Potions
 h - a potion of lignification
 k - a potion of might
 r - 4 potions of haste


   Skills:
 + Level 4.0 Fighting
 + Level 2.6 Staves
 + Level 7.6 Dodging
 - Level 1.4 Stealth
 + Level 14.9 Spellcasting
 + Level 9.5 Conjurations
 + Level 3.5 Translocations
 + Level 5.1 Ice Magic
 + Level 12.9 Air Magic
 + Level 3.0 Evocations


You had 25 spell levels left.
You knew the following spells:

 Your Spells              Type           Power      Damage    Failure   Level
a - Shock                 Conj/Air       100%       1d9       1%          1
b - Static Discharge      Conj/Air       100%       2-7/arc   1%          2
c - Airstrike             Air            33%        2d(5-21)  1%          4
d - Freezing Cloud        Conj/Ice/Air   28%        6-21      2%          5
e - Iskenderun's Mystic   Conj/Tloc      47%        2d10      2%          4

Your spell library contained the following spells:

 Spells                   Type           Power      Damage    Failure   Level
 Magic Dart               Conj           100%       1d8       1%          1
 Cigotuvi's Dreadful Rot  Necr/Pois/Air  74%        N/A       1%          2
 Mephitic Cloud           Conj/Pois/Air  51%        N/A       1%          3
 Ozocubu's Armour         Ice            40%        N/A       1%          3
 Swiftness                Air            67%        N/A       1%          3
 Portal Projectile        Hex/Tloc       50%        N/A       4%          3
 Volatile Blastmotes      Fire/Tloc      50%        2d14      4%          3
 Fulminant Prism          Conj/Hex       19%        3d11      4%          4
 Call Imp                 Summ           34%        N/A       5%          2
 Sublimation of Blood     Necr           17%        N/A       5%          2
 Wereblood                Tmut           17%        N/A       5%          2
 Ignite Poison            Fire/Tmut/Pois 17%        N/A       11%         3
 Tukima's Dance           Hex            17%        N/A       11%         3
 Metabolic Englaciation   Hex/Ice        14%        N/A       32%         5
 Blade Hands              Tmut           8%         N/A       67%         5
 Lee's Rapid Deconstruct  Erth           8%         3d7*      67%         5
 Simulacrum               Ice/Necr       14%        N/A       88%         6
 Summon Hydra             Summ           8%         N/A       100%        7


Dungeon Overview and Level Annotations

Branches:
Dungeon (11/15) Zot: 1317  Temple (1/1) D:4 Zot: 337    Lair (3/5) D:10 Zot: 957
  Swamp (0/4) Lair:2        Snake (1/4) Lair:3 Zot: 568     Orc (0/2) D:10

Altars:
Ashenzari
Dithmenos
Elyvilon
Fedhas
Gozag
Hepliaklqana
Kikubaaqudgha
Makhleb
Nemelex Xobeh
Okawaru
Qazlal
Sif Muna
Trog
Uskayaw
Wu Jian
Xom
Yredelemnul
Zin
The Shining One

Annotations:
D:11 Sonja
Snake:1 Aizul


Innate Abilities, Weirdness & Mutations

You passively map the area around you.
You are easily found by Zot.
You glow in the dark.
You regain HP and MP as you explore.


Message History

Casting: Iskenderun's Mystic Blast (dangerous; 2% risk of failure)
Confirm with . or Enter, or press ? or * to list all spells.
You erupt in a blast of force!
The mystic blast hits the black mamba!
The black mamba is heavily wounded.
The black mamba is knocked back by the mystic blast.
The black mamba slams into the rock wall!
The black mamba is heavily wounded.
You feel very sick.
Aizul yawns, and then pretends she didn't.
Unknown command.
Casting: Iskenderun's Mystic Blast (dangerous; 2% risk of failure)
Confirm with . or Enter, or press ? or * to list all spells.
You erupt in a blast of force!
The mystic blast hits Aizul!
Aizul is heavily wounded.
Aizul is knocked back by the mystic blast.
The mystic blast hits the black mamba!
The black mamba is severely wounded.
The black mamba is knocked back by the mystic blast.
The black mamba slams into the rock wall!
The black mamba is almost dead.
You feel sick.
Aizul coils herself and waves her upper body at you.
You fall asleep.
The black mamba bites you!!!
You wake up.
* * * LOW HITPOINT WARNING * * *
You are more poisoned.
The black mamba poisons you!
Unknown command.
As you read the scroll of teleportation, it crumbles to dust.
You feel strangely unstable.
* * * LOW HITPOINT WARNING * * *
You feel extremely sick. The black mamba bites you!
* * * LOW HITPOINT WARNING * * *
The black mamba bites you!
* * * LOW HITPOINT WARNING * * *
Okay, then.
The black mamba attacks as you move away!
The black mamba closely misses you.
You die...

, ..,#... , , , **
,,####.,.... * , , ,
##..#.##.. +* * ,
......#.# * * .. , ,
,* ,..#....+ +..., *
* #.##...### *#...,
, * * #.......8#+
8...., *, , ,,,
###.S##....#+#.....,
,
#.....@............
, ,
#......##.#...#....,
,, *
#.....S.####..## .,*
, , ###.:.... #.<.#
*** , , #.......
#...#, ,
#........#..## , ,
##.......#### ,, ,,,
, , ##.....[. , * ,
, , , ,


You could see Aizul and a black mamba.

Vanquished Creatures
  Erolcha (D:9)
  3 two-headed ogres
  Erica (D:10)
  The ghost of bnnuy the Stinger, a novice MfVM of the Shining One (D:8)
  2 bog bodies (Lair:2)
  A manticore (D:11)
  2 black mambas
  4 elephants (Lair:2)
  A torpor snail (Lair:2)
  The ghost of Licon the Slasher, a novice DgFi (D:6)
  2 cane toads
  4 komodo dragons
  A kobold demonologist (D:10)
  2 trolls (D:10)
  Sigmund (D:5)
  15 yaks
  2 shadows
  Eustachio (D:5)
  2 wyverns (Lair:2)
  A steam dragon (D:8)
  A basilisk (Lair:2)
  A vampire mosquito (D:10)
  3 water moccasins
  Duvessa (D:4)
  A hornet zombie (D:6)
  3 orc warriors
  An ice beast (D:6)
  3 ogres
  3 black bears
  A sky beast (D:6)
  A centaur (D:8)
  3 wolves (Lair:2)
  2 phantoms
  11 bullfrogs
  3 kobold brigands
  3 scorpions
  A wyvern zombie (D:6)
  9 wights
  A water moccasin zombie (D:6)
  Dowan (D:4)
  19 killer bees
  A water moccasin skeleton (D:6)
  11 howler monkeys
  An electric eel (Lair:2)
  A bullfrog zombie (D:6)
  A lava snake (Lair:3)
  2 jellies
  3 orc priests
  8 hounds
  Crazy Yiuf (D:7)
  2 centaur zombies (D:6)
  A centaur skeleton (D:6)
  2 bullfrog skeletons (D:6)
  5 orc wizards
  4 iguanas
  A howler monkey zombie (D:6)
  3 adders
  6 gnolls
  10 river rats (D:6)
  2 white imps
  A dart slug (D:5)
  19 orcs
  2 bats (D:1)
  An endoplasm (D:4)
  3 giant cockroaches
  4 goblins
  5 hobgoblins
  3 jackals (D:4)
  5 quokkas (D:6)
  3 ball pythons
  A frilled lizard (D:2)
  10 kobolds
  12 rats (D:6)
254 creatures vanquished.

Notes
Turn   | Place    | Note
-------+----------+-------------------------------------------
     0 | D:1      | hawla the Meteoran Air Elementalist began the quest for the
                  | Orb.
     0 | D:1      | Reached XP level 1. HP: 14/14 MP: 5/5
    75 | D:1      | Reached skill level 3 in Spellcasting
    79 | D:1      | Reached XP level 2. HP: 20/20 MP: 0/7
    96 | D:1      | Learned a level 2 spell: Static Discharge
   426 | D:4      | Noticed a howler monkey
   429 | D:4      | Killed a howler monkey
   430 | D:4      | Reached XP level 3. HP: 26/26 MP: 2/8
   430 | D:4      | Reached XP level 4. HP: 33/33 MP: 2/9
   477 | D:4      | Reached XP level 5. HP: 38/38 MP: 3/11
   484 | D:4      | Found a staircase to the Ecumenical Temple.
   498 | D:4      | Reached skill level 4 in Spellcasting
   498 | D:4      | Reached skill level 5 in Air Magic
   498 | D:4      | Reached XP level 6. HP: 45/45 MP: 5/13
   512 | D:4      | Found a sparkling altar of Nemelex Xobeh.
   540 | Temple   | Entered the Ecumenical Temple
   797 | D:4      | Found a shadowy altar of Dithmenos.
   999 | D:4      | Noticed Duvessa
  1000 | D:4      | Noticed Dowan
  1018 | D:4      | Killed Duvessa
  1019 | D:4      | Reached skill level 5 in Spellcasting
  1019 | D:4      | Reached XP level 7. HP: 24/50 MP: 3/15
  1020 | D:4      | Killed Dowan
  1026 | D:4      | Learned a level 4 spell: Airstrike
  1097 | D:4      | Reached skill level 1 in Staves
  1097 | D:4      | Reached skill level 6 in Spellcasting
  1097 | D:4      | Reached XP level 8. HP: 32/58 MP: 3/18
  1434 | D:5      | Entered Level 5 of the Dungeon
  1485 | D:5      | Found a glowing golden altar of the Shining One.
  1568 | D:5      | Noticed Eustachio
  1575 | D:5      | Killed Eustachio
  1576 | D:5      | Reached skill level 7 in Spellcasting
  1576 | D:5      | Noticed Sigmund
  1582 | D:5      | Learned a level 5 spell: Freezing Cloud
  1585 | D:5      | Killed Sigmund
  1586 | D:5      | Reached skill level 1 in Fighting
  1586 | D:5      | Reached skill level 5 in Conjurations
  1586 | D:5      | Gained mutation: You passively map the area around you.
                  | [Meteoran growth]
  1586 | D:5      | Reached XP level 9. HP: 49/64 MP: 2/21
  1634 | D:5      | Reached skill level 1 in Ice Magic
  1687 | D:5      | Found a stormy altar of Qazlal.
  2114 | D:6      | Reached skill level 5 in Ice Magic
  2177 | D:6      | Reached skill level 8 in Spellcasting
  2177 | D:6      | Found a runed translucent gate.
  2177 | D:6      | Noticed Licon's ghost (novice DgFi)
  2178 | D:6      | Found a runed translucent gate.
  2179 | D:6      | Found a runed translucent gate.
  2180 | D:6      | Identified the +2 chain mail "Daptoz" {Str+2 Int+3 Dex+3}
  2235 | D:6      | Found a basalt altar of Yredelemnul.
  2295 | D:6      | Found an opulent altar of Gozag.
  2348 | D:6      | Found a bloodstained altar of Trog.
  2368 | D:6      | Reached skill level 5 in Dodging
  2524 | D:6      | Reached XP level 10. HP: 67/73 MP: 9/23
  2766 | D:6      | Reached skill level 9 in Spellcasting
  2776 | D:6      | Killed Licon's ghost
  3255 | D:7      | Found an iron altar of Okawaru.
  3311 | D:7      | Reached skill level 10 in Spellcasting
  3359 | D:7      | Found a runed translucent door.
  3360 | D:7      | Noticed Crazy Yiuf
  3365 | D:7      | Killed Crazy Yiuf
  4163 | D:8      | Found a runed translucent gate.
  4163 | D:8      | Found a runed translucent gate.
  4163 | D:8      | Found a runed translucent gate.
  4163 | D:8      | Noticed bnnuy's ghost (novice MfVM)
  4222 | D:8      | Found a shimmering altar of Xom.
  4300 | D:8      | Found a glowing silver altar of Zin.
  4344 | D:8      | Killed bnnuy's ghost
  4345 | D:8      | Reached XP level 11. HP: 73/81 MP: 6/26
  4490 | D:9      | Reached skill level 11 in Spellcasting
  4560 | D:9      | Noticed Erolcha
  4589 | D:9      | Killed Erolcha
  4590 | D:9      | Reached skill level 10 in Air Magic
  4631 | D:9      | Learned a level 4 spell: Iskenderun's Mystic Blast
  4695 | D:9      | Reached skill level 12 in Spellcasting
  4946 | D:9      | Noticed a two-headed ogre
  4952 | D:9      | Identified a scroll of acquirement
  4952 | D:9      | Acquired 1154 gold pieces
  4959 | D:9      | Killed a two-headed ogre
  5164 | D:10     | Entered Level 10 of the Dungeon
  5164 | D:10     | Noticed a two-headed ogre
  5166 | D:10     | Killed a two-headed ogre
  5167 | D:10     | Reached XP level 12. HP: 89/89 MP: 21/29
  5218 | D:10     | Found a staircase to the Lair.
  5228 | D:10     | Upgraded the game from 0.30.0-18-gc0e69614cb to
                  | 0.30.0-19-g36f170ea60
  5231 | D:10     | Reached skill level 1 in Translocations
  5248 | D:10     | Reached skill level 13 in Spellcasting
  5281 | D:10     | Noticed Erica
  5317 | D:10     | Noticed a two-headed ogre
  5365 | D:11     | Noticed Sonja
  5449 | D:10     | Killed Erica
  5487 | D:10     | Killed a two-headed ogre
  5505 | Lair:1   | Entered Level 1 of the Lair of Beasts
  5547 | Lair:2   | Reached skill level 14 in Spellcasting
  5694 | Lair:2   | Noticed a bog body
  5695 | Lair:2   | Noticed a bog body
  5696 | Lair:2   | Killed a bog body
  5698 | Lair:2   | Killed a bog body
  5699 | Lair:2   | Found a staircase to the Swamp.
  5806 | Lair:2   | Reached XP level 13. HP: 96/96 MP: 5/32
  6320 | Lair:3   | Found a staircase to the Snake Pit.
  6330 | Snake:1  | Entered Level 1 of the Snake Pit
  6351 | Snake:1  | Noticed Aizul
  6361 | Snake:1  | HP: 1/96 [black mamba (10)]
  6362 | Snake:1  | Succumbed to a black mamba's poison

Illustrated notes

Levels and vault maps discovered:
D:1:      lemuel_arrival_behind_the_door_small, layout_basic,
          hellmonk_ecumenical_altar_watching_god
D:2:      layout_basic, basic_altar, minmay_misc_feat_tower, uniq_terence
D:3:      layout_basic, kennysheep_slug_shrine, vehumet_statue,
          lemuel_tele_altar
D:4:      layout_basic, nicolae_dithmenos_through_a_glass_darkly,
          amcnicky_altar_gilded, minmay_temple_entry_sparse_star,
          minmay_pentangle, uniq_duvessa
D:5:      layout_cave_pools, mainiacjoe_overflow_small_starburst,
          general_overflow_altar, uniq_sigmund, uniq_eustachio
D:6:      lemuel_ratsnest, layout_basic, mainiacjoe_overflow_cross_hatched,
          old_standard_altar, lemuel_crystal_altar, biasface_ghost_orc_armoury,
          serial_undead, serial_undead_a, serial_undead_e, serial_undead_c,
          serial_undead_b, serial_undead_e
D:7:      layout_loops_ring, okawaru_gym_becter, minmay_misc_feat_rows,
          uniq_crazy_yiuf_cottage
D:8:      layout_loops_ring, kennysheep_mini, mainiacjoe_overflow_brackets,
          ebering_ghost_rock_garden, hangedman_decor_riveting
D:9:      kennysheep_six_static_rooms, layout_rooms, st_stairs_6, uniq_erolcha
D:10:     minmay_four_partial_circles, layout_small_grid,
          due_lair_maze_entry_diamond, orc_0_dummy, serial_bayou_lake_a,
          uniq_erica, uniq_urug, uniq_joseph
D:11:     lemuel_bear_cage, layout_loops_cross, uniq_sonja, uniq_nergalle,
          uniq_amaemon
Temple:   chequers_temple_sunken
Lair:1:   layout_gridlike, small_statue_intersection,
          nicolae_quartered_pool_little, uniq_grum
Lair:2:   layout_gridlike, skrybe_swamp_entry_bodies, serial_bayou_shore_a,
          serial_bayou_shore_b
Lair:3:   nzn_winding_woodlands_stair_trap
          [nzn_winding_woodlands_5x15_sidewinder,
          nzn_winding_woodlands_5x15_jagged, nzn_winding_woodlands_5x15_parted,
          nzn_winding_woodlands_15x15_thick_spiral,
          nzn_winding_woodlands_5x15_river_crossing,
          nzn_winding_woodlands_5x15_lazy_stream,
          nzn_winding_woodlands_5x15_crooked], layout_regular_city,
          nicolae_snake_entry_warm_welcome, enter_volcano_1, minivault_19,
          hangedman_lair_generics_rect
Snake:1:  layout_honeycomb, serial_shops, nicolae_shop_real_fake_doors,
          uniq_aizul, uniq_louise

Skill      XL: |  1  2  3  4  5  6  7  8  9 10 11 12 13 |
---------------+----------------------------------------+-----
Spellcasting   | 3 4 5 6 7 8 10 12 14 | 14.9
Evocations     | 3 |  3.0
Air Magic      | 4 5 7 9 11 12 | 12.9
Conjurations   | 2 3 5 7 8 9 |  9.5
Dodging        | 3 5 6 7 |  7.6
Staves         | 1 2 |  2.6
Fighting       | 1 2 3 4 |  4.0
Ice Magic      | 5 |  5.1
Translocations | 2 3 |  3.5
Stealth        | |  1.4

Action                     |  1- 3 |  4- 6 |  7- 9 | 10-12 | 13-15 || total
---------------------------+-------+-------+-------+-------+-------++-------
  Melee: Unarmed           |     4 |       |       |       |       ||     4
         Staff             |       |    27 |    19 |    41 |     2 ||    89
         Punch             |       |       |       |     1 |       ||     1
   Cast: Shock             |    26 |    22 |    35 |   116 |     2 ||   201
         Static Discharge  |     5 |    13 |    50 |    56 |       ||   124
         Airstrike         |       |       |    22 |    81 |    28 ||   131
         Freezing Cloud    |       |       |       |     7 |       ||     7
         Iskenderun's Myst |       |       |       |    50 |    26 ||    76
    Use: Scroll            |       |     1 |     8 |    13 |     6 ||    28
         Potion            |       |       |     6 |     9 |     1 ||    16
   Stab: Sleeping          |       |       |     1 |       |       ||     1
 Armour: Robe              |     6 |    11 |    76 |    79 |    23 ||   195
         Skin              |       |       |       |     3 |       ||     3
  Dodge: Dodged            |     8 |    22 |   117 |   131 |    44 ||   322
